[Event "Titled Tuesday Blitz May 03 Early 2022"]
[White "Xu, Yi"]
[Black "Samant Aditya S"]
[WhiteFideId "8605564"]
[BlackFideId "35080580"]
[WhiteElo "2471"]
[BlackElo "1916"]
[Result "1-0"]
[Round "05"]
[TimeControl "180+1"]
[Date "2022.05.03"]
[WhiteClock "0:00:06"]
[BlackClock "0:00:02"]

1. e4 c5 2. Nf3 d6 3. d4 cxd4 4. Nxd4 Nf6 5. Nc3 Nc6 6. Bg5 e6 7. Qd2 a6 8. O-O-O h6 9. Nxc6 bxc6 10. Bf4 d5 11. Be2 Bb4 12. Qe3 O-O 13. e5 Nh7 14. Qg3 Kh8 15. h4 Qa5 16. Rh3 Rb8 17. a3 Be7 18. Nb1 c5 19. Qe3 Qb6 20. b3 Rb7 21. Bd3 f5 22. exf6 Bxf6 23. Be5 c4 24. Qxb6 Rxb6 25. Bxf6 cxd3 26. Bd4 dxc2 27. Kxc2 Rc6+ 28. Rc3 Rxc3+ 29. Nxc3 e5 30. Bxe5 Rxf2+ 31. Rd2 Bf5+ 32. Kc1 Rf1+ 33. Kb2 Nf8 34. Nxd5 Ne6 35. Ne3 Rb1+ 36. Kc3 Be4 37. Kb4 a5+ 38. Kc4 Rc1+ 39. Kb5 Rb1 40. b4 axb4 41. axb4 Kh7 42. Rb2 Re1 43. Rb3 g5 44. hxg5 hxg5 45. Kb6 Kg6 46. b5 Re2 47. Ka5 Ra2+ 48. Kb4 Bxg2 49. Nxg2 Rxg2 50. b6 Nd8 51. Bc7 Nb7 52. Kb5 Rc2 53. Rd3 Kf5 54. Rd5+ Ke4 55. Rxg5 Kd4 56. Rg4+ Kd5 57. Rb4 Nc5 58. Rb1 Nb7 59. Rd1+ Ke6 60. Ka6 Nc5+ 61. Ka7 Ra2+ 62. Kb8 Nd7+ 63. Kb7 Rb2 64. Kc6 Nxb6 65. Bxb6 Rc2+ 66. Bc5 Ke5 67. Re1+ Kf4 68. Kd5 Kf3 69. Rf1+ Ke2 70. Rf2+ Kd3 71. Rf3+ Ke2 72. Re3+ Kd2 73. Bd4 Ra2 74. Ke4 Ra8 75. Rh3 Re8+ 76. Be5 Kc2 77. Rh2+ Kb3 78. Rb2+ Kc4 79. Rc2+ Kb3 80. Rc7 Rd8 81. Bd4 Rh8 82. Kd3 Rh3+ 83. Be3 Kb4 84. Rb7+ Ka5 85. Kd4 Ka6 86. Rb1 Rh4+ 87. Kc3 Rh3 88. Kd4 Rh4+ 89. Kd5 Rh5+ 90. Kc4 Rh4+ 91. Bd4 Rh5 92. Rb8 Rg5 93. Bc5 Rg4+ 94. Kd5 Rg5+ 95. Kc6 1-0


[Site "https://www.chess.com"]

[Event "Titled Tuesday Blitz May 03 Early 2022"]
[White "Zanette, Edgard Vinicius"]
[Black "Zia, Tahsin Tajwar"]
[WhiteFideId "2109263"]
[BlackFideId "10211888"]
[WhiteElo "2182"]
[BlackElo "1800"]
[Result "0-1"]
[Round "05"]
[TimeControl "180+1"]
[Date "2022.05.03"]
[WhiteClock "0:00:06"]
[BlackClock "0:00:30"]

1. e4 c5 2. Nc3 Nc6 3. g3 g6 4. Bg2 Bg7 5. d3 d6 6. f4 e6 7. Nf3 Nge7 8. O-O Nd4 9. Be3 O-O 10. e5 Nef5 11. Bf2 dxe5 12. fxe5 Qc7 13. Ne4 Nxf3+ 14. Qxf3 Qxe5 15. Bxc5 Rd8 16. c3 b6 17. d4 Qc7 18. Ba3 Bb7 19. Nf6+ Bxf6 20. Qxb7 Qxb7 21. Bxb7 Rab8 22. Be4 h5 23. h3 Bg5 24. Bxf5 gxf5 25. Rae1 Kg7 26. Kg2 Bf6 27. Re2 Kh7 28. Kf3 a5 29. Rh1 b5 30. Bc5 b4 31. g4 Kg6 32. Rg2 hxg4+ 33. hxg4 Rh8 34. Rxh8 Rxh8 35. g5 Rh3+ 36. Rg3 Rxg3+ 37. Kxg3 Kxg5 38. cxb4 axb4 39. a4 bxa3 40. bxa3 Bd8 41. Bb4 Bc7+ 42. Kf3 f6 43. a4 e5 44. d5 e4+ 45. Ke2 f4 46. d6 f3+ 47. Kf2 Bb6+ 48. Kg3 f2 49. Kg2 e3 50. a5 e2 51. Bd2+ Kg4 52. axb6 f1=Q+ 0-1


[Site "https://www.chess.com"]

[Event "Titled Tuesday Blitz May 03 Early 2022"]
[White "Zavgorodniy, Sergiy"]
[Black "Ozturk, Efe Hakan"]
[WhiteFideId "14110148"]
[BlackFideId "34550216"]
[WhiteElo "2420"]
[BlackElo "1924"]
[Result "1-0"]
[Round "05"]
[TimeControl "180+1"]
[Date "2022.05.03"]
[WhiteClock "0:01:07"]
[BlackClock "0:00:02"]

1. b3 g6 2. Bb2 Nf6 3. e4 Bg7 4. g3 d6 5. Bg2 O-O 6. Ne2 Nc6 7. O-O e5 8. h3 Re8 9. c4 a5 10. Nbc3 Bd7 11. a3 Nd4 12. Nxd4 exd4 13. Ne2 Nxe4 14. Qc2 d3 15. Qxd3 Nc5 16. Qb1 Rxe2 17. Bxg7 Kxg7 18. d4 Ne6 19. Qd3 Rb2 20. Qc3 Re2 21. Bf3 Qf6 22. Bxe2 Nxd4 23. Qd3 Bf5 24. Qe3 Nc2 25. Qc1 Nxa1 26. Qxa1 Bxh3 27. Qxf6+ Kxf6 28. Rd1 Re8 29. Bf3 b6 30. b4 axb4 31. axb4 Re5 32. Ra1 Be6 33. Ra7 c5 34. b5 Bxc4 35. Bc6 Re1+ 36. Kg2 Rb1 37. Rb7 Bxb5 38. Bd5 Bd3 39. f4 b5 40. Rxf7# 1-0


[Site "https://www.chess.com"]

[Event "Titled Tuesday Blitz May 03 Early 2022"]
[White "Zhao, Jun"]
[Black "Zemlyanskii, Ivan"]
[WhiteFideId "8602522"]
[BlackFideId "24249971"]
[WhiteElo "2547"]
[BlackElo "1759"]
[Result "1-0"]
[Round "05"]
[TimeControl "180+1"]
[Date "2022.05.03"]
[WhiteClock "0:01:00"]
[BlackClock "0:00:20"]

1. e4 c5 2. Nf3 e6 3. c3 d5 4. exd5 Qxd5 5. d4 Nf6 6. Na3 Qd8 7. Be2 Nc6 8. Nc2 Be7 9. O-O O-O 10. Be3 Nd5 11. Bd2 b6 12. dxc5 Bxc5 13. c4 Nf6 14. b4 Be7 15. b5 Na5 16. Bxa5 bxa5 17. Qxd8 Rxd8 18. Nfd4 Bb7 19. Bf3 Bxf3 20. gxf3 Bc5 21. Rfd1 Rac8 22. Nc6 Re8 23. a4 e5 24. Ne3 e4 25. f4 Nh5 26. Rd5 Bxe3 27. fxe3 Nf6 28. Rd6 Ng4 29. Ra3 Rc7 30. Rc3 h5 31. c5 Nh6 32. Nd4 Rec8 33. c6 g6 34. h3 Kf8 35. Rc5 Ke7 36. Rcd5 f6 37. Rd7+ Rxd7 38. Rxd7+ Ke8 39. Rxa7 Nf7 40. Rxf7 Kxf7 41. b6 Ke7 42. b7 Re8 43. c7 Kd7 44. b8=Q Rc8 45. Nb5 Rxb8 46. cxb8=Q 1-0


[Site "https://www.chess.com"]

[Event "Titled Tuesday Blitz May 03 Early 2022"]
[White "Abarca Gonzalez, Nicolas"]
[Black "Hakobyan, Aram"]
[WhiteFideId "3409422"]
[BlackFideId "13306677"]
[WhiteElo "2504"]
[BlackElo "2557"]
[Result "1-0"]
[Round "06"]
[TimeControl "180+1"]
[Date "2022.05.03"]
[WhiteClock "0:00:18"]
[BlackClock "0:00:03"]

1. e4 c5 2. Nf3 Nc6 3. Bb5 e6 4. Bxc6 bxc6 5. e5 f6 6. O-O fxe5 7. Nxe5 Nf6 8. d4 d6 9. Nf3 cxd4 10. Nxd4 e5 11. Re1 Be7 12. Nxc6 Qc7 13. Nxe7 Qxe7 14. Nc3 Bb7 15. Bg5 O-O 16. Qd3 Qe6 17. Rad1 d5 18. Qg3 Rae8 19. Nb5 Qb6 20. a4 Ne4 21. Rxe4 dxe4 22. Rd7 Rf7 23. Rxf7 Kxf7 24. Qb3+ Kg6 25. Be3 Qd8 26. h4 h6 27. Bxa7 Qxh4 28. Nd6 Rd8 29. Qf7+ Kh7 30. Qf5+ Kg8 31. Qe6+ Kh7 32. Be3 Bc8 33. Qxe5 Qg4 34. Qxe4+ Qxe4 35. Nxe4 Rd1+ 36. Kh2 Bf5 37. Nc5 Bxc2 38. a5 Ra1 39. b4 Bd1 40. Bd4 Ra2 41. b5 Rxa5 42. b6 Rb5 43. b7 Bb3 44. Be5 Rxc5 45. b8=Q Rxe5 46. Qxe5 1-0


[Site "https://www.chess.com"]

[Event "Titled Tuesday Blitz May 03 Early 2022"]
[White "Agasarov, Benik"]
[Black "Sailer, Mike"]
[WhiteFideId "13314823"]
[BlackFideId "2012901"]
[WhiteElo "2520"]
[BlackElo "2109"]
[Result "1-0"]
[Round "06"]
[TimeControl "180+1"]
[Date "2022.05.03"]
[WhiteClock "0:01:39"]
[BlackClock "0:01:05"]

1. e4 d5 2. exd5 Qxd5 3. Nc3 Qd6 4. Nf3 Nf6 5. d4 c6 6. Ne5 Nbd7 7. Nc4 Qc7 8. Qf3 Nb6 9. Bf4 Qd8 10. Be5 Be6 11. Na5 Qc8 12. h3 Nbd5 13. O-O-O Nxc3 14. Qxc3 Nd5 15. Qf3 f6 16. Bh2 g6 17. Bc4 Bh6+ 18. Kb1 O-O 19. Rhe1 b6 20. Rxe6 Qxe6 21. Nxc6 Nc3+ 22. Qxc3 1-0


[Site "https://www.chess.com"]

[Event "Titled Tuesday Blitz May 03 Early 2022"]
[White "Andreev, Eduard"]
[Black "Manukian, Artak"]
[WhiteFideId "14103400"]
[BlackFideId "13301373"]
[WhiteElo "2382"]
[BlackElo "2370"]
[Result "1/2-1/2"]
[Round "06"]
[TimeControl "180+1"]
[Date "2022.05.03"]
[WhiteClock "0:01:17"]
[BlackClock "0:00:56"]

1. e4 c6 2. d4 d5 3. e5 Bf5 4. Nf3 e6 5. Bd3 Bxd3 6. cxd3 Nd7 7. O-O Ne7 8. Nc3 Nf5 9. Be3 h5 10. Ne2 Be7 11. Ng3 g6 12. Nxf5 gxf5 13. g3 h4 14. Kg2 hxg3 15. hxg3 Qb6 16. Rb1 O-O-O 17. b4 Kb8 18. a4 Rc8 19. Qb3 Nf8 20. Qc3 Ng6 21. Bg5 Qd8 22. Bxe7 Qxe7 23. Rh1 f4 24. Qc5 fxg3 25. fxg3 Rcg8 26. Qxe7 Nxe7 27. Rxh8 Rxh8 28. Ng5 Nf5 29. Nxf7 Rg8 30. Nd6 Nxd4 31. Rf1 Ne2 32. Rf7 Nxg3 33. Rxb7+ Ka8 34. Rc7 Nf5+ 35. Kf2 Nxd6 36. exd6 Rd8 37. Rxc6 Kb7 38. b5 e5 39. Kf3 Rf8+ 40. Kg4 e4 41. dxe4 dxe4 42. d7 e3 43. Re6 Rd8 44. Kf3 Rxd7 45. Kxe3 Rh7 46. Kd4 Rh4+ 47. Re4 Rxe4+ 48. Kxe4 Kb6 49. Kd5 Ka5 50. Kc5 Kxa4 51. b6 axb6+ 52. Kxb6 1/2-1/2


[Site "https://www.chess.com"]

[Event "Titled Tuesday Blitz May 03 Early 2022"]
[White "Andreikin, Dmitry"]
[Black "Le, Tuan Minh"]
[WhiteFideId "4158814"]
[BlackFideId "12401153"]
[WhiteElo "2736"]
[BlackElo "2450"]
[Result "0-1"]
[Round "06"]
[TimeControl "180+1"]
[Date "2022.05.03"]
[WhiteClock "0:00:04"]
[BlackClock "0:00:07"]

1. d4 Nf6 2. c4 Nc6 3. Nf3 e6 4. g3 Bb4+ 5. Nbd2 d6 6. Bg2 O-O 7. a3 Bxd2+ 8. Qxd2 a5 9. b3 Qe7 10. Bb2 e5 11. O-O Bg4 12. d5 Nb8 13. h3 Bh5 14. Nh4 Bg6 15. Rae1 Nbd7 16. e4 Nc5 17. Qc2 c6 18. f4 cxd5 19. Nxg6 hxg6 20. exd5 Ncd7 21. g4 Rfe8 22. Qf2 Rac8 23. a4 Qf8 24. f5 g5 25. Qd2 Nc5 26. Qxg5 Nxb3 27. Qe3 Nd4 28. g5 Nd7 29. Qd3 Nc5 30. Qd1 Nd7 31. Qh5 Rxc4 32. Re4 Rec8 33. Kh1 Nc2 34. Bc1 Qe8 35. Bd2 Nb4 36. Rfe1 Nf8 37. Bf1 Rxe4 38. Rxe4 g6 39. Qf3 Qd7 40. Bxb4 axb4 41. Rxb4 gxf5 42. Bb5 Rc1+ 43. Kg2 Qc7 44. Qxf5 Ng6 45. Be8 Kf8 46. Bxf7 Qxf7 47. Qxf7+ Kxf7 48. Rxb7+ Kf8 49. a5 Ra1 50. Rb6 e4 51. Rxd6 Nh4+ 52. Kf2 Ra2+ 53. Kf1 e3 54. Re6 Rf2+ 55. Ke1 Nf3+ 56. Kd1 Rd2+ 57. Kc1 e2 58. d6 Rd1+ 59. Kb2 e1=Q 60. Rxe1 Nxe1 61. a6 Rxd6 62. a7 Ra6 0-1


[Site "https://www.chess.com"]

[Event "Titled Tuesday Blitz May 03 Early 2022"]
[White "Antonio, Jorge Carlos"]
[Black "Shohat, Yotam"]
[WhiteFideId "113190"]
[BlackFideId "2813955"]
[WhiteElo "2247"]
[BlackElo "2119"]
[Result "0-1"]
[Round "06"]
[TimeControl "180+1"]
[Date "2022.05.03"]
[WhiteClock "0:01:05"]
[BlackClock "0:00:04"]

1. d4 Nf6 2. Nf3 g6 3. c4 Bg7 4. Nc3 O-O 5. e4 d6 6. Be2 e5 7. O-O Nc6 8. d5 Ne7 9. Ne1 Nd7 10. Be3 f5 11. f3 f4 12. Bf2 g5 13. Rc1 Ng6 14. c5 Nxc5 15. b4 Na6 16. Bxa6 bxa6 17. b5 h5 18. bxa6 g4 19. Nb5 Bxa6 20. a4 Bh6 21. Qc2 Rf7 22. Nd3 Rg7 23. Nb4 Bxb5 24. axb5 gxf3 25. gxf3 Nh4+ 26. Kh1 Nxf3 27. Na6 Qg5 28. Rg1 Nxg1 29. Rxg1 Qf6 30. Rxg7+ Qxg7 31. Qxc7 f3 32. Qxg7+ Kxg7 33. Nc7 Rc8 34. Ne6+ Kf7 35. h4 Rc1+ 36. Kh2 Rb1 37. Kg3 Rxb5 38. Bxa7 Rb3 39. Bf2 Re3 40. Nd8+ Ke7 41. Ne6 Rxe4 42. Kxf3 Rg4 43. Nc7 Bg7 44. Ne6 Bf6 45. Nc7 Bxh4 46. Nb5 Rf4+ 47. Ke3 Bxf2+ 0-1


[Site "https://www.chess.com"]

[Event "Titled Tuesday Blitz May 03 Early 2022"]
[White "Arabidze, Meri"]
[Black "Bas Mas, Jose Joaquin"]
[WhiteFideId "13604040"]
[BlackFideId "22219064"]
[WhiteElo "2335"]
[BlackElo "2212"]
[Result "1-0"]
[Round "06"]
[TimeControl "180+1"]
[Date "2022.05.03"]
[WhiteClock "0:01:06"]
[BlackClock "0:00:06"]

1. Nf3 e6 2. g3 f5 3. Bg2 Nf6 4. O-O Be7 5. d3 O-O 6. c4 c5 7. Nc3 d5 8. cxd5 exd5 9. d4 c4 10. Ne5 Nc6 11. Bf4 Be6 12. b3 Bb4 13. Rc1 Bxc3 14. Rxc3 Ne4 15. Rc1 Rc8 16. bxc4 dxc4 17. Nxc6 Rxc6 18. f3 Nf6 19. e4 Ra6 20. d5 Bf7 21. Rxc4 Rxa2 22. Qb3 Qb6+ 23. Qxb6 axb6 24. Rb1 Nd7 25. Rc7 Nc5 26. Rxb6 Ra1+ 27. Bf1 fxe4 28. Rxc5 exf3 29. Rxb7 Bg6 30. Rc3 Be4 31. Rb8 Rxb8 32. Bxb8 Ra2 33. Rc8+ Kf7 34. Rc7+ Kg6 35. Ba7 Bxd5 36. Bd4 Rd2 37. Be3 Rd1 38. Kf2 Rb1 39. g4 h5 40. gxh5+ Kxh5 41. Rxg7 Rb2+ 42. Kg3 Rb3 43. Bf2 Kh6 44. Rd7 Bc6 45. Rd6+ 1-0


[Site "https://www.chess.com"]

[Event "Titled Tuesday Blitz May 03 Early 2022"]
[White "Aradhya, Garg"]
[Black "Krstulovic, Alex"]
[WhiteFideId "25006746"]
[BlackFideId "760056"]
[WhiteElo "2169"]
[BlackElo "2193"]
[Result "1-0"]
[Round "06"]
[TimeControl "180+1"]
[Date "2022.05.03"]
[WhiteClock "0:00:14"]
[BlackClock "0:00:03"]

1. d4 Nf6 2. Bf4 d5 3. e3 c5 4. c3 Nc6 5. Nd2 e6 6. Bb5 Qb6 7. a4 a6 8. Bxc6+ bxc6 9. Rb1 cxd4 10. exd4 c5 11. Ngf3 Bd7 12. O-O c4 13. Ne5 Bd6 14. Ndxc4 dxc4 15. Nxc4 Qc6 16. Nxd6+ Kf8 17. a5 h5 18. c4 h4 19. h3 Rh5 20. b4 g6 21. Re1 Ne8 22. d5 exd5 23. b5 axb5 24. cxb5 Qc5 25. Ne4 dxe4 26. Qxd7 Rd5 27. Be3 Qc4 28. Qg4 Rxa5 29. b6 Rab5 30. Rbc1 Qd3 31. Bh6+ Kg8 32. Red1 Qb3 33. Rxd5 Qxd5 34. Rc8 Qe5 35. Bf4 Rb1+ 36. Kh2 Qe7 37. Qg5 f6 38. Qxg6+ Kh8 39. Rxe8+ 1-0


[Site "https://www.chess.com"]

[Event "Titled Tuesday Blitz May 03 Early 2022"]
[White "Araujo Filho, Luiz Antonio Coel"]
[Black "Murthy, Pappu"]
[WhiteFideId "2130661"]
[BlackFideId "2013401"]
[WhiteElo "2300"]
[BlackElo "2045"]
[Result "1-0"]
[Round "06"]
[TimeControl "180+1"]
[Date "2022.05.03"]
[WhiteClock "0:00:22"]
[BlackClock "0:00:09"]

1. d4 Nf6 2. Nf3 e6 3. e3 d5 4. Bd3 c5 5. c3 Nc6 6. Qe2 Be7 7. Nbd2 Qc7 8. dxc5 Bxc5 9. e4 dxe4 10. Nxe4 Nxe4 11. Bxe4 h6 12. O-O b6 13. Rd1 Bb7 14. Bc2 Ne7 15. Ne5 Nd5 16. c4 Nf6 17. Bf4 Qe7 18. Ba4+ Kf8 19. Nd7+ Kg8 20. Nxc5 Qxc5 21. Be5 Kh7 22. Bxf6 gxf6 23. Rd7 Bc6 24. Rxf7+ Kg8 25. Rxf6 Qd6 26. Qg4+ 1-0


[Site "https://www.chess.com"]

[Event "Titled Tuesday Blitz May 03 Early 2022"]
[White "Avazkhonov, Alikhon"]
[Black "Quirke, Jeffrey"]
[WhiteFideId "14208504"]
[BlackFideId "2013029"]
[WhiteElo "1739"]
[BlackElo "2069"]
[Result "0-1"]
[Round "06"]
[TimeControl "180+1"]
[Date "2022.05.03"]
[WhiteClock "0:00:01"]
[BlackClock "0:00:14"]

1. e4 c6 2. Nc3 d5 3. Nf3 dxe4 4. Nxe4 Nf6 5. Qe2 Nxe4 6. Qxe4 Be6 7. c4 Nd7 8. d4 Nf6 9. Qf4 g6 10. Ng5 Bf5 11. Be2 Bg7 12. O-O O-O 13. Be3 a5 14. g4 Bd7 15. Rfd1 a4 16. Rac1 Qa5 17. Ne4 Nxe4 18. Qxe4 Rfe8 19. d5 Bxb2 20. Rb1 a3 21. h4 cxd5 22. Rxd5 Qc7 23. h5 Bc6 24. h6 Bxd5 25. cxd5 Qe5 26. Qd3 Red8 27. Bf3 Rac8 28. Bb6 Rc3 29. Be3 Rxd3 30. Re1 Rxe3 31. Rxe3 Qg5 32. Kg2 Qxh6 33. Rxe7 Qg5 34. Rxb7 Rxd5 35. Rb8+ Kg7 36. Rb3 Rd4 37. Re3 Rxg4+ 38. Bxg4 Qxg4+ 39. Kf1 Qd1+ 40. Kg2 Qb1 41. Re2 Qxa2 42. Rxb2 axb2 43. Kg3 b1=Q 0-1


[Site "https://www.chess.com"]

[Event "Titled Tuesday Blitz May 03 Early 2022"]
[White "Avramidou, Anastasia"]
[Black "Stanisz, Patryk"]
[WhiteFideId "4239873"]
[BlackFideId "1123106"]
[WhiteElo "2183"]
[BlackElo "1833"]
[Result "0-1"]
[Round "06"]
[TimeControl "180+1"]
[Date "2022.05.03"]
[WhiteClock "0:00:16"]
[BlackClock "0:00:07"]

1. d4 d5 2. c4 c6 3. cxd5 cxd5 4. Nc3 Nf6 5. Bg5 Ne4 6. Nxe4 dxe4 7. Bd2 Qxd4 8. Bc3 Qxd1+ 9. Rxd1 Nc6 10. e3 Bg4 11. Rc1 a6 12. Ne2 e5 13. Ng3 O-O-O 14. Nxe4 Kb8 15. f3 Bf5 16. Ng3 Be6 17. a3 f6 18. Be2 h5 19. Kf2 h4 20. Ne4 Be7 21. Rhd1 Bb3 22. Rxd8+ Rxd8 23. Be1 Bd5 24. Nc3 Be6 25. Rd1 Rxd1 26. Bxd1 g5 27. Bc2 Bc5 28. Ke2 Bc4+ 29. Bd3 Be6 30. Bf2 Kc7 31. Be4 Bc4+ 32. Bd3 Be6 33. Kd2 b5 34. Ke2 Kb6 35. Be4 b4 36. axb4 Nxb4 37. Kd2 a5 38. Bb1 Kc6 39. Be4+ Kc7 40. Bg6 f5 41. Be8 f4 42. Bb5 fxe3+ 43. Bxe3 Bxe3+ 44. Kxe3 Nd5+ 45. Ke4 Nxc3+ 46. bxc3 Kd6 47. Ba4 Bc4 48. g3 Bf7 49. Kf5 hxg3 50. hxg3 Bd5 51. Bd1 Bc6 52. Kxg5 a4 53. Kf5 a3 54. Bb3 Bd5 55. c4 Bf7 56. g4 Bg8 57. g5 Kc5 58. Kxe5 Bxc4 59. Bxc4 Kxc4 60. g6 a2 61. Kf6 a1=Q+ 62. Kf7 Qc3 63. f4 Qf3 64. g7 Qxf4+ 65. Kg8 Qg5 66. Kh8 Qh5+ 67. Kg8 Kd5 68. Kf8 Qf5+ 69. Ke7 Qg6 70. Kf8 Qf6+ 71. Kg8 Ke5 72. Kh8 Qh4+ 73. Kg8 Kf6 74. Kf8 Qh6 0-1


[Site "https://www.chess.com"]

[Event "Titled Tuesday Blitz May 03 Early 2022"]
[White "Babazada, Khazar"]
[Black "Kashtanov, Ruslan"]
[WhiteFideId "13413554"]
[BlackFideId "4124871"]
[WhiteElo "2406"]
[BlackElo "2168"]
[Result "1-0"]
[Round "06"]
[TimeControl "180+1"]
[Date "2022.05.03"]
[WhiteClock "0:00:40"]
[BlackClock "0:00:10"]

1. Nf3 Nf6 2. g3 d5 3. Bg2 e6 4. O-O c5 5. d3 Nc6 6. Nbd2 g6 7. e4 Bg7 8. exd5 Nxd5 9. a3 O-O 10. Rb1 e5 11. Ne4 b6 12. c4 Nde7 13. b4 f5 14. Ned2 Rb8 15. Qb3 h6 16. Re1 Be6 17. Bb2 Qc7 18. b5 Nd4 19. Nxd4 cxd4 20. Bxd4 Rbd8 21. Nf3 e4 22. Bxg7 Kxg7 23. dxe4 f4 24. Qc3+ Kh7 25. Ne5 Rc8 26. Rbd1 Rfd8 27. gxf4 Rxd1 28. Rxd1 Rd8 29. Rxd8 Qxd8 30. Bh3 Qd6 31. Bxe6 Qxe6 32. Qd3 g5 33. Nd7 gxf4 34. Nf8+ 1-0


[Site "https://www.chess.com"]

[Event "Titled Tuesday Blitz May 03 Early 2022"]
[White "Bacrot, Etienne"]
[Black "Dronavalli, Harika"]
[WhiteFideId "605506"]
[BlackFideId "5015197"]
[WhiteElo "2673"]
[BlackElo "2382"]
[Result "1-0"]
[Round "06"]
[TimeControl "180+1"]
[Date "2022.05.03"]
[WhiteClock "0:00:14"]
[BlackClock "0:00:14"]

1. e4 c5 2. Nf3 e6 3. c3 d5 4. exd5 exd5 5. d4 Nc6 6. Bb5 Bd6 7. O-O Ne7 8. dxc5 Bxc5 9. Nbd2 O-O 10. Nb3 Bb6 11. h3 h6 12. Nbd4 Bd7 13. Bd3 Ng6 14. Re1 Nxd4 15. Nxd4 Bxd4 16. cxd4 Qf6 17. Bd2 Nf4 18. Bxf4 Qxf4 19. Bc2 Rfe8 20. Qd3 g6 21. Bb3 Bc6 22. Qc3 Kg7 23. g3 Qd6 24. Re5 f6 25. Ree1 Qd7 26. Kg2 Rxe1 27. Rxe1 Re8 28. Re3 h5 29. Qe1 Rxe3 30. Qxe3 Qd6 31. a3 b6 32. Bc2 Bd7 33. Bd3 a5 34. h4 Qe6 35. Qxe6 Bxe6 36. Kf3 Kh6 37. Kf4 g5+ 38. hxg5+ fxg5+ 39. Ke5 Bg8 40. f4 g4 41. Kf6 a4 42. Bf1 Bh7 43. f5 h4 44. gxh4 Kh5 45. Bg2 Kxh4 46. Bxd5 g3 47. Bf3 Kh3 48. d5 g2 49. Bxg2+ Kxg2 50. d6 1-0


[Site "https://www.chess.com"]

[Event "Titled Tuesday Blitz May 03 Early 2022"]
[White "Barria Zuniga, Daniel"]
[Black "Rohith Krishna S"]
[WhiteFideId "3400816"]
[BlackFideId "46617051"]
[WhiteElo "2414"]
[BlackElo "2117"]
[Result "0-1"]
[Round "06"]
[TimeControl "180+1"]
[Date "2022.05.03"]
[WhiteClock "0:00:12"]
[BlackClock "0:01:31"]

1. c4 Nf6 2. g3 g6 3. Bg2 Bg7 4. Nc3 O-O 5. d4 c5 6. e3 cxd4 7. exd4 Nc6 8. Nge2 e6 9. d5 Ne5 10. O-O Nxc4 11. b3 Nb6 12. Ba3 Re8 13. d6 a6 14. Rc1 Ng4 15. Bc5 Ne5 16. a4 Nc6 17. Qd2 Rb8 18. h4 h5 19. Ne4 Nd5 20. Ng5 b6 21. Ba3 Bb7 22. f4 b5 23. Bc5 bxa4 24. bxa4 Ba8 25. g4 hxg4 26. h5 gxh5 27. f5 Rb2 28. Qd3 Qxg5 29. fxe6 fxe6 30. Ng3 Ne5 0-1


[Site "https://www.chess.com"]

[Event "Titled Tuesday Blitz May 03 Early 2022"]
[White "Bashirli, Saadat"]
[Black "Hamley, Ryan"]
[WhiteFideId "13429990"]
[BlackFideId "30959497"]
[WhiteElo "1173"]
[BlackElo "2486"]
[Result "0-1"]
[Round "06"]
[TimeControl "180+1"]
[Date "2022.05.03"]
[WhiteClock "0:00:31"]
[BlackClock "0:01:06"]

1. d4 Nf6 2. Bg5 Ne4 3. Bf4 d6 4. f3 Nf6 5. e4 g6 6. Nc3 Bg7 7. Bd3 Nc6 8. Nge2 e5 9. dxe5 dxe5 10. Bg5 Be6 11. Qd2 O-O 12. O-O Nb4 13. a3 Nxd3 14. cxd3 c6 15. Rfd1 Re8 16. d4 exd4 17. Nxd4 Bc8 18. Be3 Qe7 19. Nc2 Be6 20. Qf2 b6 21. Nd4 Bd7 22. Qc2 Rac8 23. Rd2 Red8 24. Rad1 h5 25. Kh1 h4 26. Bg5 h3 27. g3 a6 28. Re2 c5 29. Nb3 Bc6 30. Nd5 Bxd5 31. exd5 Qd6 32. Bf4 Qd7 33. d6 Re8 34. Rde1 Rxe2 35. Rxe2 Qc6 36. Rf2 Ng4 37. Rf1 Be5 38. Bxe5 Nxe5 39. Qe2 Qxd6 40. Kg1 c4 41. Nd2 Nd3 42. Ne4 Qd4+ 43. Kh1 Qxb2 44. Qe3 Qg2# 0-1


[Site "https://www.chess.com"]

[Event "Titled Tuesday Blitz May 03 Early 2022"]
[White "Beerdsen, Thomas"]
[Black "Levitskiy, Andrey"]
[WhiteFideId "1030108"]
[BlackFideId "14132885"]
[WhiteElo "2585"]
[BlackElo "2301"]
[Result "0-1"]
[Round "06"]
[TimeControl "180+1"]
[Date "2022.05.03"]
[WhiteClock "0:01:41"]
[BlackClock "0:00:06"]

1. e4 e6 2. d4 d5 3. Nc3 Bb4 4. e5 c5 5. a3 Bxc3+ 6. bxc3 Qa5 7. Bd2 Qa4 8. Qg4 Kf8 9. Qd1 b6 10. h4 Ba6 11. Bxa6 Nxa6 12. h5 h6 13. Rh4 Ne7 14. Rf4 cxd4 15. cxd4 Rc8 16. Qf3 Nf5 17. c3 Qe8 18. g4 Ne7 19. Ne2 Kg8 20. a4 Nb8 21. a5 bxa5 22. Rxa5 Nbc6 23. Ra6 Rb8 24. Kf1 Rb7 25. Kg2 Nd8 26. Rd6 Rd7 27. Bc1 Rxd6 28. exd6 Nc8 29. Ba3 Qd7 30. c4 dxc4 31. d5 e5 32. Rxc4 Nxd6 33. Bxd6 Qxd6 34. Rc8 Kh7 35. Ng3 g6 36. Rxd8 Rxd8 37. Qxf7+ Kh8 38. hxg6 Qxd5+ 39. Qxd5 Rxd5 40. Nf5 Rd7 41. Nxh6 Kg7 42. Nf7 Re7 43. Nd6 Kxg6 44. Kf3 Rd7 45. Nc4 Kf6 46. g5+ Kxg5 47. Nxe5 Re7 48. Nc6 Rc7 49. Nd4 Kf6 50. Ke4 Rc4 51. Kd5 Ra4 52. Ne2 Ke7 53. Nc3 Ra1 54. Kc4 Kd6 55. f4 a6 56. f5 Ke5 57. Kc5 Kxf5 58. Kb6 Ke5 59. Ne2 Kd5 60. Ng3 Kc4 61. Ne4 a5 62. Nd2+ Kc3 63. Ne4+ Kd4 64. Nd2 Kc3 65. Ne4+ Kb4 66. Nf2 a4 67. Kc6 a3 68. Nd3+ Kc3 69. Nf4 a2 70. Nd5+ Kb3 0-1


[Site "https://www.chess.com"]

[Event "Titled Tuesday Blitz May 03 Early 2022"]
[White "Bendayan Claros, Aaron"]
[Black "Zavgorodniy, Sergiy"]
[WhiteFideId "3803392"]
[BlackFideId "14110148"]
[WhiteElo "2132"]
[BlackElo "2420"]
[Result "1-0"]
[Round "06"]
[TimeControl "180+1"]
[Date "2022.05.03"]
[WhiteClock "0:00:05"]
[BlackClock "0:00:02"]

1. d4 Nf6 2. Bg5 e6 3. e4 h6 4. Bxf6 Qxf6 5. c3 d6 6. Nd2 g6 7. Bd3 Bg7 8. Ne2 O-O 9. O-O c5 10. f4 cxd4 11. cxd4 Qe7 12. e5 Nc6 13. Nf3 dxe5 14. dxe5 Rd8 15. Qb3 b6 16. Be4 Ba6 17. Qe3 Rac8 18. Rac1 Na5 19. Rfd1 Qb4 20. Ned4 Bf8 21. Rxc8 Bxc8 22. b3 Bc5 23. Qd3 Bxd4+ 24. Nxd4 Ba6 25. Qe3 Nb7 26. h4 Nc5 27. Bb1 h5 28. g4 hxg4 29. h5 Bb5 30. hxg6 fxg6 31. Bxg6 Bc6 32. f5 exf5 33. Bxf5 Ne4 34. Bxe4 Bxe4 35. Qxe4 Qe7 36. Qg6+ Kh8 37. Qh6+ Kg8 38. Qg6+ Kh8 39. Qh5+ Kg7 40. Qxg4+ Kh7 41. Qh5+ Kg7 42. Nf5+ 1-0


[Site "https://www.chess.com"]

[Event "Titled Tuesday Blitz May 03 Early 2022"]
[White "Bettalli, Francesco"]
[Black "Delorme, Alban"]
[WhiteFideId "2816453"]
[BlackFideId "623636"]
[WhiteElo "2216"]
[BlackElo "2197"]
[Result "0-1"]
[Round "06"]
[TimeControl "180+1"]
[Date "2022.05.03"]
[WhiteClock "0:02:01"]
[BlackClock "0:01:02"]

1. d4 d5 2. Nc3 Nf6 3. Bf4 g6 4. Qd2 Bg7 5. e3 O-O 6. O-O-O c6 7. f3 b5 8. g4 a5 9. h4 h5 10. g5 Nfd7 11. Bh3 Nb6 12. b3 a4 13. Kb1 a3 14. Ka1 Na6 15. Nge2 Nb4 16. Nc1 Bxh3 17. Rxh3 Rc8 18. Nd3 Nxd3 19. Qxd3 b4 20. Ne2 c5 21. Be5 c4 22. Qd2 f6 23. gxf6 exf6 24. Bf4 Qd7 25. Rg3 Qf5 26. Bd6 cxb3 27. cxb3 Rc2 28. Qxb4 Rxa2+ 29. Kxa2 Qc2+ 30. Kxa3 Ra8+ 31. Qa5 Rxa5+ 32. Kb4 Qxe2 33. Kxa5 Nc8 34. Rdg1 Nxd6 35. Kb6 Qb5+ 36. Kc7 Ne8+ 37. Kd8 Kf7 38. Kc8 Qc6+ 39. Kb8 Qc7+ 40. Ka8 Qb6 41. Rxg6 Nc7# 0-1


[Site "https://www.chess.com"]